 Dungeon Crawl Stone Soup version 0.29.0-11-gd7f09526c8 (webtiles) character file.

Game seed: 4883110709410149902

1 greasedhog the Ducker (level 1, 0/13 HPs)
             Began as a Deep Elf Abyssal Knight on Sept 7, 2022.
             Was a Believer of Lugonu.
             Slain by a goblin
             ... wielding a +0 dagger
              (1 damage)
             ... on level 1 of the Dungeon.
             The game lasted 00:00:28 (98 turns).

greasedhog the Ducker (Deep Elf Abyssal Knight)       Turns: 98, Time: 00:00:29

Health: 0/13       AC:  3    Str: 10    XL:     1   Next: 16%
Magic:  4/4        EV: 12    Int: 14    God:    Lugonu [**....]
Gold:   0          SH:  0    Dex: 15    Spells: 0/0 levels left

rFire   . . .      SeeInvis .   a - +1 short sword
rCold   . . .      Faith    .   (no shield)
rNeg    . . .      Spirit   .   b - +0 leather armour
rPois   .          Reflect  .   (no helmet)
rElec   .          Harm     .   (no cloak)
rCorr   .          Rampage  .   (no gloves)
Will    .....                   (no boots)
Stlth   +.........              (no amulet)
HPRegen 0.04/turn               (no ring)
MPRegen 0.09/turn               (no ring)

@: no status effects
A: no striking features
a: Renounce Religion, Depart the Abyss, Bend Space


You were on level 1 of the Dungeon.
You worshipped Lugonu.
Lugonu was pleased with you.
You visited 1 branch of the dungeon, and saw 1 of its levels.
You visited the Abyss 1 time.

Inventory:

Hand Weapons
 a - a +1 short sword (weapon)
Armour
 b - a +0 leather armour (worn)


   Skills:
 - Level 2.4 Fighting
 * Level 2.0 Short Blades
 - Level 0.7 Armour
 - Level 2.4 Dodging
 * Level 2.0 Invocations


You couldn't memorise any spells.
You didn't know any spells.
Your spell library was empty.

Dungeon Overview and Level Annotations

Branches:
Dungeon (1/15)

Altars:

Shops:
D:1 (


Message History

The goblin shouts!
A goblin comes into view. It is wielding a +0 dagger.
A goblin comes into view. It is wielding a +0 club.
The goblin shouts! x2
A goblin comes into view. It is wielding a +0 club.
There is an entrance to Ulleguge's Weapon Emporium here.
You see here a +0 dagger.
There is an open door here.
Which direction?
You close the door.
There is an open door here.
A goblin breaks down the door.
Which direction?
You close the door.
There is an open door here.
A goblin breaks down the door.
You close the door.
You open the door.
You close the door.
A goblin breaks down the door.
There is an open door here.
There's nothing to close nearby.
Which direction?
There's a creature in the doorway!
You hit the goblin but do no damage. The goblin hits you but does no damage.
The goblin blocks your attack. The goblin hits you with a +0 dagger.
You closely miss the goblin. The goblin hits you but does no damage.
The goblin blocks your attack. The goblin closely misses you.
You aren't carrying any potions.
You aren't carrying any scrolls.
You barely miss the goblin. The goblin hits you with a +0 dagger.
The goblin blocks your attack. The goblin hits you with a +0 dagger.
* * * LOW HITPOINT WARNING * * *
The goblin blocks your attack. The goblin closely misses you.
You barely miss the goblin. The goblin barely misses you.
The goblin blocks your attack. The goblin closely misses you.
The goblin blocks your attack. The goblin closely misses you.
The goblin blocks your attack. The goblin hits you but does no damage.
You closely miss the goblin. The goblin hits you but does no damage.
The goblin blocks your attack. The goblin hits you with a +0 dagger.
You die...

..###.##..ggg#. #+#
...#.###...##. #.# #...#
##..... ##'## #..####..... .#
#######...#####..##g.....
....###.'.'.'.<.'.'.g...g......
........#####ggg######..#.#####
....###....###g## ##..>..... ..
####..##@# ######### ##.##'#
#..#.# ##.#'# #...# #####


You could see 4 goblins.

Vanquished Creatures
  A goblin (D:1)
1 creature vanquished.

Notes
Turn   | Place    | Note
-------+----------+-------------------------------------------
     0 | Abyss:1  | greasedhog the Deep Elf Abyssal Knight began the quest for
                  | the Orb.
     0 | Abyss:1  | Reached XP level 1. HP: 13/13 MP: 4/4
     1 | D:1      | Escaped the Abyss
    49 | D:1      | Found Ulleguge's Weapon Emporium.
    98 | D:1      | Slain by a goblin

Illustrated notes

Levels and vault maps discovered:
D:1:      minmay_arrival_doors, layout_basic, serial_shops,
          nicolae_shop_bloodbath_and_beyond

Action                   || total
-------------------------++-------
Melee: Short sword       ||    18
Armor: Leather armour    ||     5
Dodge: Dodged            ||     6
